 Dungeon Crawl Stone Soup version 0.29-a0-994-gc5c9f59d18 (webtiles) character file.

Game seed: 14221631666403340469

105125 drugrobin the Severer (level 15, 0/136 HPs)
             Began as a Demigod Fighter on Aug 3, 2022.
             Shot with an arrow by a satyr (10 damage)
             ... on level 4 of the Shoals.
             The game lasted 01:28:09 (35095 turns).

drugrobin the Severer (Demigod Fighter)            Turns: 35095, Time: 01:28:09

Health: 0/136      AC: 25    Str: 29    XL:     15   Next: 46%
Magic:  31/31      EV:  7    Int: 13    God:
Gold:   712        SH: 10    Dex: 16    Spells: 28/29 levels left

rFire   . . .      SeeInvis .   a - +2 broad axe (vamp)
rCold   + + .      Faith    .   L - +0 buckler
rNeg    . . .      Spirit   .   E - +1 plate armour of Tuycsyl {Fly rC++ Regen+ Int-5}
rPois   +          Reflect  +   v - +1 helmet of a Gauntlet {rPois}
rElec   .          Harm     .   s - +0 cloak
rCorr   .          Rampage  .   e - +0 pair of fencer's gloves {Riposte Dex+3}
Will    .....                   J - +0 pair of boots {Fly}
Stlth   ..........              T - amulet of reflection
HPRegen 1.12/turn               X - ring of wizardry
MPRegen 0.22/turn               p - +4 ring of protection

@: weak-willed, afraid, flying
A: high MP 1, forlorn, divine attributes
a: no special abilities


You were on level 4 of the Shoals.
You visited 5 branches of the dungeon, and saw 24 of its levels.
You also visited: Ossuary and Gauntlet.

You collected 2636 gold pieces.
You spent 1924 gold pieces at shops.

Inventory:

Hand Weapons
 a - a +2 vampiric broad axe (weapon)
 b - a +0 war axe of venom
 c - a +4 hand axe of flaming
Missiles
 u - 24 javelins (quivered)
 Y - 5 throwing nets
 Z - 3 curare-tipped darts
Armour
 e - the +0 pair of fencer's gloves (worn) {Riposte Dex+3}
   (You acquired it on level 10 of the Dungeon)

   It allows the wearer to riposte with melee weapons, swiftly retaliating
   against missed or blocked melee attacks.
   Dex:       It affects your dexterity (+3).
 s - a +0 cloak (worn)
 v - the +1 helmet of a Gauntlet (worn) {rPois}
   (You found it on level 3 of the Dungeon)

   rPois:     It protects you from poison.
 E - the +1 plate armour of Tuycsyl (worn) {Fly rC++ Regen+ Int-5}
   (You bought it in a shop on level 3 of the Shoals)

   Int:       It affects your intelligence (-5).
   rC:        It greatly protects you from cold.
   Fly:       It grants you flight.
   Regen:     It increases your rate of health regeneration.
 J - a +0 pair of boots of flying (worn)
 L - a +0 buckler (worn)
Jewellery
 k - an amulet of the acrobat
 p - a +4 ring of protection (right hand)
 C - a ring of ice
 D - a ring of fire
 H - the ring of Kieh {Fly rCorr Int+2}
   (You acquired it in a Gauntlet)

   [ring of flight]

   Int:       It affects your intelligence (+2).
   Fly:       It grants you flight.
   rCorr:     It protects you from acid and corrosion.
 T - an amulet of reflection (around neck)
 V - the ring of Qeawefym {Ice rN+ Stlth+}
   (You found it in a Gauntlet)

   [ring of ice]

   It enhances your ice magic.
   rF:        It makes you vulnerable to fire.
   rC:        It protects you from cold.
   rN:        It protects you from negative energy.
   Stlth:     It makes you more stealthy.
 X - a ring of wizardry (left hand)
Wands
 m - a wand of roots (11)
 z - a wand of charming (9)
 B - a wand of light (11)
 F - a wand of flame (23)
 G - a wand of digging (27)
 P - a wand of polymorph (17)
 Q - a wand of mindburst (22)
Scrolls
 g - a scroll of butterflies
 h - 2 scrolls of summoning
 j - 4 scrolls of vulnerability
 n - 7 scrolls of blinking
 o - 3 scrolls of magic mapping
 q - 2 scrolls of amnesia
 r - 2 scrolls of enchant armour
 t - 4 scrolls of fear
 w - a scroll of identify
 y - 7 scrolls of teleportation
 A - 4 scrolls of immolation
 I - a scroll of silence
 K - 3 scrolls of brand weapon
 R - a scroll of poison
Potions
 d - 2 potions of might
 f - 4 potions of heal wounds
 x - 3 potions of resistance
 M - 3 potions of ambrosia
 N - 11 potions of curing
 S - 3 potions of haste
 U - a potion of lignification
 W - 2 potions of cancellation
Miscellaneous
 i - a condenser vane
 l - a box of beasts
 O - a phantom mirror


   Skills:
 + Level 13.3 Fighting
 - Level 18.0 Axes
 + Level 8.5 Armour
 - Level 2.6 Shields
 + Level 7.8 Spellcasting
 - Level 10.0 Evocations


You had 28 spell levels left.
You knew the following spells:

 Your Spells              Type           Power      Damage    Failure   Level
a - Apportation           Tloc           10%        N/A       50%         1

Your spell library contained the following spells:

 Spells                   Type           Power      Damage    Failure   Level
 Magic Dart               Conj           20%        1d4       50%         1
 Necrotise                Necr           20%        1d5       50%         1
 Summon Small Mammal      Summ           20%        N/A       50%         1
 Call Imp                 Summ           5%         N/A       65%         2
 Static Discharge         Conj/Air       5%         3-4/arc   65%         2
 Sublimation of Blood     Necr           5%         N/A       65%         2
 Wereblood                Tmut           5%         N/A       65%         2
 Gell's Gravitas          Tloc           5%         N/A       86%         3
 Inner Flame              Hex/Fire       5%         N/A       86%         3
 Lesser Beckoning         Tloc           5%         N/A       86%         3
 Mephitic Cloud           Conj/Pois/Air  5%         N/A       86%         3
 Stone Arrow              Conj/Erth      10%        3d7       86%         3
 Teleport Other           Tloc           5%         N/A       86%         3
 Animate Armour           Summ/Erth      10%        N/A       99%         4
 Corpse Rot               Necr/Pois/Air  5%         N/A       99%         4
 Dispel Undead            Necr           5%         3d7       99%         4
 Flame Wave               Conj/Fire      5%         2d5       99%         4
 Hailstorm                Conj/Ice       5%         3d4       99%         4
 Ice Form                 Ice/Tmut       5%         N/A       99%         4
 Sticky Flame             Conj/Fire      5%         2d3       99%         4
 Fireball                 Conj/Fire      2%         3d4       100%        5
 Death Channel            Necr           2%         N/A       100%        6
 Simulacrum               Ice/Necr       2%         N/A       100%        6
 Starburst                Conj/Fire      2%         6d3       100%        6
 Malign Gateway           Summ/Tloc      2%         N/A       100%        7
 Summon Hydra             Summ           2%         N/A       100%        7
 Ignition                 Fire           2%         3d3       100%        8
 Lehudib's Crystal Spear  Conj/Erth      2%         10d2      100%        8
 Summon Horrible Things   Summ           2%         N/A       100%        8
 Fire Storm               Conj/Fire      2%         8d1       100%        9


Dungeon Overview and Level Annotations

Branches:
Dungeon (12/15)            Temple (0/1) D:7            Lair (5/5) D:9
 Shoals (4/4) Lair:2        Snake (1/4) Lair:3        Slime (0/5) Lair:5
    Orc (2/2) D:12            Elf (0/3) Orc:2       Ossuary (visited)
Gauntlet (visited)

Shops:
D:6 (:   D:10 (   Orc:2 *:[!**   Shoals:3 [   Shoals:4 :

Portals:
Abyss: Lair:4

Annotations:
D:5 1 runed translucent door
Lair:4 2 transporters, Dutwide's ghost, journeyman MfGl
Shoals:2 1 runed translucent door, SirDiesAlot's ghost, adept DsEE
Snake:1 Frances


Innate Abilities, Weirdness & Mutations

You have an increased reservoir of magic. (+10% MP)
You shall have no god before yourself.
Your divine heritage dramatically boosts your attributes as you level up.


Message History

The satyr shouts!
The satyr plays a rousing melody on his pipes!
The satyr shoots an arrow.
The arrow hits you!
You hear a shout!
A faun comes into view. It is wielding a +0 spear.
The satyr shoots an arrow.
The arrow hits you!
The satyr plays a frightful melody on his pipes!
The satyr radiates an aura of fear!
You are terrified of the satyr!
The faun casts a spell at you.
Your willpower is stripped away!
Unknown command.
Unknown command.
Unknown command.
You slice the satyr!!
You feel better.
The satyr is heavily wounded.
The satyr shoots an arrow.
You reflect the arrow off an invisible shield around you!
The arrow hits the satyr!!
Unknown command.
You attempt to attack the satyr, but flinch away in fear!
The faun unwields a +0 spear.
The faun wields a +0 sling.
The faun shoots a sling bullet.
The sling bullet hits you!
Unknown command.
The satyr shoots an arrow.
The arrow hits you!!
The faun unwields a +0 sling.
The faun wields a +0 spear.
The faun splashes around in the water.
Unknown command.
Unknown command.
You attempt to attack the satyr, but flinch away in fear!
The satyr plays a lulling melody on his pipes!
You fall asleep.
The faun hits you with a +0 spear!!!
You wake up.
* * * LOW HITPOINT WARNING * * *
The satyr shoots an arrow.
The arrow hits you!
* * * LOW HITPOINT WARNING * * *
You attempt to attack the satyr, but flinch away in fear!
The faun hits you with a +0 spear!
* * * LOW HITPOINT WARNING * * *
The satyr shoots an arrow.
The arrow hits you!
You die...

......#.#.~~~~##≈≈≈≈≈≈≈≈≈≈≈≈≈≈≈≈≈
.......#.~~~~##≈≈≈~....~≈≈≈≈≈≈≈≈≈
~.......######~~~.....<.≈≈≈≈≈≈≈≈≈
~~....[.....~..~~...)..~~~≈≈≈≈≈≈≈
~~................~...~~.~~≈≈≈≈≈≈
≈~~~.........~.....##...~~~≈≈≈≈≈≈
≈~~~.))c....~...~...##..~~~≈≈≈≈≈#
≈~~..))#######.c~....#.~~~≈≈≈≈≈≈#
≈~...)## ##c@......~~≈≈≈≈≈≈≈#
≈~...## ##~~~....~≈≈≈≈≈≈≈≈#
~~...# #~~~~..~~≈≈≈≈≈≈≈≈# ~....#
#≈≈~~~~.~≈≈≈≈≈≈≈≈# ~.m..#
#≈≈≈~~~~~≈≈≈≈≈≈≈≈# .....#
#≈≈≈≈≈≈≈≈≈≈≈≈≈≈≈≈≈ ~....#
#≈≈≈≈≈≈≈≈≈≈≈≈≈≈≈≈≈ ~~..m.
##≈≈≈≈≈≈≈≈≈≈≈≈≈≈≈≈≈ ~~.....
##≈≈≈≈≈≈≈≈≈≈≈≈≈≈≈≈≈≈


You could see a satyr (scary) and a faun (strong).

Vanquished Creatures
  Nikola (Snake:1)
  2 krakens (Shoals:3)
  A nagaraja (Snake:1)
  An orc warlord (Orc:2)
  A minotaur (Gauntlet)
  Josephine (D:10)
  7 merfolk javelineers
  2 merfolk impalers (Shoals:4)
  Fannar (Lair:2)
  3 hydras
  Harold (D:11)
  2 boulder beetles
  An ogre mage (D:11)
  3 catoblepae (Lair:5)
  A centaur warrior (Shoals:1)
  An alligator snapping turtle (Shoals:1)
  2 merfolk avatars
  3 merfolk aquamancers
  A two-headed ogre (D:11)
  A satyr (Shoals:3)
  6 death yaks (Lair:5)
  4 thrashing horrors (Gauntlet)
  A naga sharpshooter (Snake:1)
  Nergalle (D:11)
  Urug (D:11)
  10 sea snakes
  A naga ritualist (Snake:1)
  5 orc knights
  2 ugly things
  10 harpies
  An orc sorcerer (Orc:2)
  12 fauns
  12 manticores
  3 water nymphs
  A naga mage (Snake:1)
  3 cyclopes
  5 elephants
  4 merfolk sirens
  2 torpor snails (Lair:5)
  The ghost of gelatine the Stinger, a novice NaVM (D:6)
  8 black mambas
  5 cane toads
  2 rime drakes (Lair:5)
  7 komodo dragons
  A yaktaur (Shoals:1)
  22 merfolk
  11 wind drakes
  9 trolls
  3 polar bears
  5 blink frogs
  6 dream sheep
  7 snapping turtles
  Sigmund (D:3)
  55 yaks
  4 wyverns
  A fire bat (D:10)
  5 wraiths (D:10)
  7 water elementals
  4 vampire mosquitoes (D:11)
  3 basilisks (Lair:1)
  3 steam dragons
  Edmund (D:5)
  9 wargs
  6 nagas (Snake:1)
  An acid dragon (D:11)
  12 water moccasins
  38 orc warriors
  5 black bears
  3 ice beasts
  A sky beast (D:5)
  8 wolves
  13 centaurs
  2 ogres
  4 kobold brigands
  9 bullfrogs
  A gnoll sergeant (D:7)
  2 scorpions
  2 necrophages
  8 wights
  6 small abominations (Gauntlet)
  5 killer bees
  2 electric eels
  5 howler monkeys
  4 hounds
  3 jellies
  2 centaur zombies (Ossuary)
  13 orc priests
  A human zombie (Ossuary)
  6 iguanas
  15 orc wizards
  4 mummies (Ossuary)
  7 gnolls
  9 adders
  2 shadow imps
  A white imp (D:8)
  An ufetubus (D:5)
  2 worms (D:2)
  2 dart slugs
  55 orcs
  6 ball pythons
  4 endoplasms
  4 giant cockroaches
  7 goblins
  A hobgoblin (D:4)
  3 jackals (D:5)
  A quokka (D:2)
  A bat (D:3)
  9 frilled lizards
  A gnoll zombie (Ossuary)
  2 goblin zombies (Ossuary)
  20 kobolds
  2 kobold zombies (Ossuary)
  6 rats
  6 tentacles (Shoals:3)
633 creatures vanquished.

Vanquished Creatures (collateral kills)
  Snorg (Lair:3)
1 creature vanquished.

Vanquished Creatures (others)
  A merfolk (Shoals:3)
  A gnoll (D:7)
  A bush (Shoals:1)
  7 fungi
  52 plants
  6 tentacles (Shoals:3)
68 creatures vanquished.

Grand Total: 702 creatures vanquished

Notes
Turn   | Place    | Note
-------+----------+-------------------------------------------
     0 | D:1      | drugrobin the Demigod Fighter began the quest for the Orb.
     0 | D:1      | Reached XP level 1. HP: 18/18 MP: 3/3
    84 | D:1      | Reached skill level 2 in Axes
   518 | D:1      | Reached XP level 2. HP: 25/25 MP: 4/4
   817 | D:2      | Reached skill level 3 in Axes
   912 | D:2      | Reached XP level 3. HP: 29/30 MP: 5/5
  1743 | D:3      | Reached skill level 4 in Axes
  1950 | D:3      | Reached XP level 4. HP: 34/37 MP: 6/6
  2078 | D:3      | Identified the +1 helmet of a Gauntlet {rPois}
  2315 | D:3      | Noticed Sigmund
  2353 | D:3      | Killed Sigmund
  2354 | D:3      | Reached skill level 5 in Axes
  2354 | D:3      | Reached XP level 5. HP: 31/42 MP: 7/7
  3015 | D:4      | Reached skill level 6 in Axes
  3030 | D:4      | Found a sand-covered staircase.
  3035 | Ossuary  | Entered an ossuary
  3061 | Ossuary  | Reached XP level 6. HP: 50/50 MP: 8/8
  3499 | D:4      | Reached skill level 7 in Axes
  4215 | D:5      | Entered Level 5 of the Dungeon
  4244 | D:5      | Reached XP level 7. HP: 53/56 MP: 9/9
  4268 | D:5      | Found a runed translucent door.
  4268 | D:5      | Noticed a human
  4430 | D:5      | Noticed Edmund
  4472 | D:5      | Reached skill level 8 in Axes
  4485 | D:5      | Killed Edmund
  5098 | D:5      | Reached skill level 9 in Axes
  5494 | D:6      | Found Sumpomah's Book Shoppe.
  5513 | D:6      | Reached XP level 8. HP: 55/62 MP: 10/10
  5649 | D:6      | Reached skill level 10 in Axes
  6054 | D:6      | Found Uxaheg's Weapon Shoppe.
  6212 | D:6      | Got the Quarto of Ignition
  6381 | D:6      | Found a runed translucent door.
  6381 | D:6      | Noticed gelatine's ghost (novice NaVM)
  6745 | D:7      | Reached skill level 11 in Axes
  7181 | D:7      | Found a staircase to the Ecumenical Temple.
  7449 | D:7      | Reached XP level 9. HP: 36/68 MP: 11/11
  8176 | D:6      | Killed gelatine's ghost
  8177 | D:6      | Reached skill level 12 in Axes
  8294 | D:7      | Learned a level 1 spell: Apportation
  9117 | D:8      | Reached skill level 13 in Axes
  9379 | D:8      | HP: 2/68 [yak (10)]
  9838 | D:8      | Reached XP level 10. HP: 72/74 MP: 13/13
 10217 | D:9      | Identified a scroll of acquirement
 10218 | D:9      | Acquired a +1 executioner's axe of flaming
 10555 | D:9      | Reached skill level 14 in Axes
 11195 | D:9      | Found a staircase to the Lair.
 11539 | D:10     | Entered Level 10 of the Dungeon
 11589 | D:10     | Acquired the +0 pair of fencer's gloves {Riposte Dex+3}
 11589 | D:10     | Found the +0 pair of fencer's gloves {Riposte Dex+3}
 11837 | D:10     | Noticed Josephine
 11860 | D:10     | Killed Josephine
 11861 | D:10     | Reached skill level 15 in Axes
 11913 | D:10     | Acquired a +2 broad axe of venom
 12048 | D:10     | Noticed a cyclops
 12066 | D:10     | Killed a cyclops
 12067 | D:10     | Reached skill level 1 in Evocations
 12098 | D:10     | Found Isudwuan's Weapon Shoppe.
 12105 | D:10     | Bought a throwing net for 33 gold pieces
 12235 | D:10     | Noticed Maurice
 12241 | D:10     | Noticed Maurice
 12241 | D:10     | Maurice changed into Maurice the fire bat
 12249 | D:10     | Killed Maurice the fire bat
 12627 | D:11     | Noticed an ogre mage
 12635 | D:11     | Killed an ogre mage
 12647 | D:11     | Noticed Nergalle
 12661 | D:11     | Reached XP level 11. HP: 35/83 MP: 14/14
 12664 | D:11     | Killed Nergalle
 12673 | D:11     | Noticed Harold
 12684 | D:11     | Killed Harold
 12720 | D:11     | Reached skill level 5 in Fighting
 12789 | D:11     | Found a gate leading to a gauntlet.
 12802 | Gauntlet | Entered a Gauntlet
 12802 | Gauntlet | Found a transporter.
 12802 | Gauntlet | Found a transporter.
 12802 | Gauntlet | Found a transporter.
 12803 | Gauntlet | Noticed a thrashing horror
 12805 | Gauntlet | Noticed a wizard
 12810 | Gauntlet | Noticed a thrashing horror
 13015 | Gauntlet | Found a transporter.
 13016 | Gauntlet | Found a transporter.
 13020 | Gauntlet | Noticed a thrashing horror
 13025 | Gauntlet | Found a transporter.
 13026 | Gauntlet | Found a transporter.
 13028 | Gauntlet | Noticed a death scarab
 13030 | Gauntlet | Noticed a tengu warrior
 13045 | Gauntlet | Found a transporter.
 13060 | Gauntlet | Found a transporter.
 13060 | Gauntlet | Noticed a thrashing horror
 13081 | Gauntlet | Found a transporter.
 13107 | Gauntlet | Found a transporter.
 13176 | Gauntlet | Found a transporter.
 13360 | Gauntlet | Killed a thrashing horror
 13361 | Gauntlet | Killed a thrashing horror
 13362 | Gauntlet | Reached skill level 16 in Axes
 13386 | Gauntlet | Acquired the ring of Kieh {Fly rCorr Int+2}
 13391 | Gauntlet | Identified the +3 hat "Cunanomu" {rF+}
 13443 | Gauntlet | Killed a thrashing horror
 13444 | Gauntlet | Killed a thrashing horror
 13445 | Gauntlet | Reached skill level 5 in Evocations
 13585 | Gauntlet | Identified the ring of Qeawefym {Ice rN+ Stlth+}
 13682 | Gauntlet | Noticed a minotaur
 13691 | Gauntlet | Killed a minotaur
 13950 | Gauntlet | Identified the +10 hand axe of Precise Incision {vorpal,
                  | Fragile rF+ rN+}
 14101 | Lair:1   | Entered Level 1 of the Lair of Beasts
 14398 | Lair:1   | Noticed a four-headed hydra
 14747 | Lair:1   | Reached XP level 12. HP: 97/97 MP: 15/15
 15129 | Lair:1   | Killed a one-headed hydra
 15720 | Lair:2   | Noticed a seven-headed hydra
 15746 | Lair:2   | Killed a three-headed hydra
 16137 | Lair:2   | Noticed Fannar
 16149 | Lair:2   | Killed Fannar
 16277 | Lair:2   | Found a staircase to the Shoals.
 16356 | Lair:2   | Noticed a boulder beetle
 16378 | Lair:2   | Killed a boulder beetle
 17161 | Lair:3   | Found a staircase to the Snake Pit.
 17395 | Lair:3   | Noticed Snorg
 17409 | Lair:3   | Killed Snorg
 17410 | Lair:3   | Reached skill level 17 in Axes
 17935 | Lair:3   | Identified the +6 dire flail of the Feather {vorpal, rPois
                  | Str+4 Int+3 Stlth+}
 18490 | Lair:4   | Found a transporter.
 18836 | Lair:4   | Found a transporter.
 18836 | Lair:4   | Noticed a rakshasa
 19275 | Lair:4   | Noticed Dutwide's ghost (journeyman MfGl)
 19286 | Lair:4   | Found a one-way gate to the infinite horrors of the Abyss.
 19447 | Lair:5   | Entered Level 5 of the Lair of Beasts
 20251 | Lair:5   | Reached XP level 13. HP: 100/110 MP: 16/16
 20536 | Lair:5   | Found a staircase to the Slime Pits.
 22106 | Lair:5   | Reached skill level 10 in Fighting
 22919 | D:11     | Noticed Urug
 22936 | D:11     | Killed Urug
 23726 | D:12     | Found a staircase to the Orcish Mines.
 23867 | D:12     | Reached skill level 18 in Axes
 23935 | Orc:1    | Entered Level 1 of the Orcish Mines
 23958 | D:12     | Reached skill level 10 in Evocations
 24166 | Orc:1    | Reached skill level 1 in Spellcasting
 24851 | Orc:2    | Entered Level 2 of the Orcish Mines
 24893 | Orc:2    | Found Efapn's Self-Improvement Boutique.
 24905 | Orc:2    | Found a staircase to the Elven Halls.
 25037 | Orc:2    | Found Montubit's General Store.
 25046 | Orc:2    | Bought a scroll of teleportation for 45 gold pieces
 25098 | Orc:2    | Noticed an orc warlord
 25138 | Orc:2    | Killed an orc warlord
 25519 | Orc:2    | Reached XP level 14. HP: 68/122 MP: 21/21
 26439 | Orc:2    | Bought a scroll of magic mapping for 112 gold pieces
 26439 | Orc:2    | Bought a scroll of fear for 60 gold pieces
 26683 | Orc:2    | Found Ezxiycw's General Store.
 26683 | Orc:2    | Found Zocoish's Distillery.
 26683 | Orc:2    | Found Ydezxiam's Armour Boutique.
 26686 | Orc:2    | Found Xoezoak's General Store.
 26695 | Orc:2    | Bought a potion of curing for 45 gold pieces
 26695 | Orc:2    | Bought a potion of curing for 45 gold pieces
 26695 | Orc:2    | Bought a potion of heal wounds for 75 gold pieces
 26695 | Orc:2    | Bought a potion of curing for 45 gold pieces
 26695 | Orc:2    | Bought a potion of heal wounds for 75 gold pieces
 26695 | Orc:2    | Bought a potion of lignification for 45 gold pieces
 26699 | Orc:2    | Bought a potion of might for 40 gold pieces
 26699 | Orc:2    | Bought a potion of heal wounds for 50 gold pieces
 26699 | Orc:2    | Bought a scroll of identify for 20 gold pieces
 26699 | Orc:2    | Bought a scroll of teleportation for 30 gold pieces
 26705 | Orc:2    | Bought a scroll of enchant armour for 127 gold pieces
 26705 | Orc:2    | Bought a scroll of identify for 34 gold pieces
 26705 | Orc:2    | Bought a scroll of brand weapon for 161 gold pieces
 27007 | Snake:1  | Entered Level 1 of the Snake Pit
 27369 | Snake:1  | Noticed Nikola
 27463 | Snake:1  | Killed Nikola
 27874 | Snake:1  | Reached skill level 5 in Armour
 28006 | Snake:1  | Noticed a nagaraja
 28030 | Snake:1  | Killed a nagaraja
 28178 | Snake:1  | Noticed Frances
 28356 | Shoals:1 | Entered Level 1 of the Shoals
 29597 | Shoals:1 | Reached skill level 5 in Spellcasting
 31021 | Shoals:2 | Found a runed translucent door.
 31977 | Shoals:2 | Noticed SirDiesAlot's ghost (adept DsEE)
 32423 | Shoals:3 | Found Remaax's Armour Shoppe.
 32661 | Shoals:3 | Bought the +1 plate armour of Tuycsyl {Fly rC++ Regen+
                  | Int-5} for 882 gold pieces
 33037 | Shoals:3 | Noticed a kraken
 33056 | Shoals:3 | Killed a kraken
 33057 | Shoals:3 | Reached XP level 15. HP: 92/134 MP: 28/28
 33298 | Shoals:3 | Noticed a kraken
 33306 | Shoals:3 | Killed a kraken
 33494 | Shoals:4 | Entered Level 4 of the Shoals
 33662 | Shoals:4 | Found Icompeve's Book Shop.
 35095 | Shoals:4 | Shot with an arrow by a satyr

Illustrated notes

Levels and vault maps discovered:
D:1:      dpeg_arrival_arbitrary_c, layout_loops_ring,
          nicolae_ecumenical_lake_church, hangedman_abyss_or_decor_lesser_grid,
          minmay_lizard_pond
D:2:      layout_rooms
D:3:      layout_loops_ring, nicolae_overflow_squiral, hangedman_decor_growths,
          uniq_sigmund
D:4:      layout_basic, gammafunk_temple_overflow_forgotten, enter_ossuary_5
D:5:      layout_basic, dk_yredelemnul_ordeal, serial_corexii_hall,
          corexii_hall_statues_l, chequers_hall_statues_corner_a,
          corexii_hall_statues_i, chequers_hall_statues_y, uniq_edmund
D:6:      layout_basic, mainiacjoe_overflow_cross_hatched, serial_shops,
          nicolae_shop_trees, nicolae_shop_bloodbath_and_beyond,
          gammafunk_ghost_grave
D:7:      layout_loops_ring, minmay_temple_entry_offerings,
          corexii_item_surrounded_by_moat, corexii_item_surrounded_by_moat
D:8:      layout_gridville, nicolae_overflow_crystal_walls, glass_columns_a,
          kennysheep_generic_room_7
D:9:      layout_stronghold, lair_entry_dummy
D:10:     layout_loops_cross, mainiacjoe_overflow_chevrons, lemuel_tele_altar,
          mainiacjoe_overflow_surrounded_room, serial_shops,
          nicolae_shop_statue_plus, uniq_maurice, uniq_josephine
D:11:     layout_stronghold, gauntlet_entry_generic, serial_column_ruins,
          column_ruins_hut, column_ruins_hut, column_ruins_open_medium,
          column_ruins_grid_1, column_ruins_open_large,
          column_ruins_open_medium, column_ruins_open_large,
          column_ruins_corridor_T, uniq_nergalle, uniq_urug, uniq_harold
D:12:     layout_irregular_city, orc_0_dummy, drop_trap, fungi_pond_lemuel
Lair:1:   layout_regular_city, serial_bayou_ford_a, infiniplex_staircase_pool_2,
          lemuel_fruit_fields
Lair:2:   layout_long_grid, minmay_shoals_entry_lonely_mermaid, ldierk_geyser,
          uniq_fannar
Lair:3:   layout_gridlike, dummy_snake_entry, serial_bayou_lagoon_a,
          gammafunk_lair_bear_cave, uniq_snorg
Lair:4:   layout_layer_cave, gammafunk_ghost_abyssal_escape
Lair:5:   evilmike_catoblepas_cave, layout_big_grid, slime_entry_1, basic_altar,
          grunt_megastairs_1
Shoals:1: layout_shoals, nicolae_shoals_cliffside_cave, yaktaur_hedge
Shoals:2: layout_shoals, ebering_ghost_reflecting_pool
Shoals:3: layout_shoals, serial_shops, nicolae_shop_trees
Shoals:4: shoals_end_hangedman, layout_shoals, serial_shops,
          nicolae_shop_statue_plus
Snake:1:  layout_grid_maze, nicolae_snake_biting_tails, nicolae_triple_integral,
          uniq_nikola, uniq_frances
Orc:1:    layout_caves, basic_altar
Orc:2:    st_orc_rangers, layout_diamond_mine, serial_shops, shop,
          nicolae_shop_self_help

Skill      XL: |  1  2  3  4  5  6  7  8  9 10 11 12 13 14 15 |
---------------+----------------------------------------------+-----
Axes           | 2 3 4 5 6 7 9 11 13 15 16 17 18 | 18.0
Fighting       | 3 6 8 10 12 13 | 13.3
Evocations     | 2 5 8 10 | 10.0
Armour         | 4 7 8 |  8.5
Spellcasting   | 2 6 7 |  7.8
Shields        | |  2.6

Action                   |  1- 3 |  4- 6 |  7- 9 | 10-12 | 13-15 || total
-------------------------+-------+-------+-------+-------+-------++-------
Melee: War axe           |   108 |   158 |   286 |       |    76 ||   628
       Hand axe          |       |       |   132 |   188 |    13 ||   333
       Broad axe         |       |       |       |   399 |  1211 ||  1610
Throw: Javelin           |       |     4 |    14 |    14 |    12 ||    44
       Throwing net      |       |       |     2 |       |     3 ||     5
       Dart              |       |       |       |     1 |       ||     1
 Cast: Apportation       |       |       |     3 |       |       ||     3
Evoke: Wand              |       |     2 |     7 |     7 |     2 ||    18
       Box of beasts     |       |       |       |     1 |     1 ||     2
       Phantom mirror    |       |       |       |       |     1 ||     1
       Condenser vane    |       |       |       |       |     1 ||     1
  Use: Potion            |       |       |     3 |     9 |     4 ||    16
       Scroll            |       |       |       |    20 |    11 ||    31
 Stab: Invisible         |       |       |     2 |     1 |       ||     3
       Distracted        |       |       |       |     1 |       ||     1
       Petrifying        |       |       |       |       |     4 ||     4
       Petrified         |       |       |       |       |     4 ||     4
       Held in net/web   |       |       |       |       |     3 ||     3
Armor: Scale mail        |    42 |    96 |    11 |       |       ||   149
       Ring mail         |       |       |    19 |       |       ||    19
       Plate armour      |       |       |   209 |   302 |   580 ||  1091
Dodge: Dodged            |    52 |    65 |   111 |   169 |   477 ||   874
Block: Buckler           |    16 |    27 |    75 |   116 |   234 ||   468
       Reflection        |       |       |       |       |     2 ||     2
       Rpst.: Hand axe   |       |       |       |     7 |     1 ||     8
       Broad axe         |       |       |       |    53 |   142 ||   195
       War axe           |       |       |       |       |    15 ||    15

Table legend: (Time is in decaauts)
 A = Elapsed time spent in this place.
 B = Non-inter-level travel time spent in this place.
 C = Inter-level travel time spent in this place.
 D = Time resting spent in this place.
 E = Time spent auto-exploring this place.
 F = Levels seen in this place.
 G = Mean time per level.
                   A        B        C        D        E       F      G
               +--------+--------+--------+--------+--------+-----+--------+
         Total |  34767 |  33471 |   1296 |   6111 |  20154 |  26 | 1337.2 |
       Dungeon |  13872 |  13093 |    779 |   1891 |   8343 |  12 | 1156.0 |
          Lair |   8807 |   8452 |    355 |   2132 |   4960 |   5 | 1761.4 |
        Shoals |   6566 |   6507 |     59 |    629 |   4387 |   4 | 1641.5 |
     Snake Pit |   1261 |   1261 |      0 |    333 |    596 |   1 | 1261.0 |
  Orcish Mines |   2659 |   2558 |    101 |    492 |   1420 |   2 | 1329.5 |
       Ossuary |    353 |    353 |      0 |     17 |    156 |   1 |  353.0 |
      Gauntlet |   1247 |   1247 |      0 |    615 |    292 |   1 | 1247.0 |
               +--------+--------+--------+--------+--------+-----+--------+

Top non-repeatable levels by time:
  Lair:5: 2684 daAuts
Shoals:1: 2431 daAuts
     D:6: 1908 daAuts
  Lair:4: 1802 daAuts
     D:8: 1763 daAuts
   Orc:2: 1725 daAuts
  Lair:1: 1603 daAuts
Shoals:3: 1473 daAuts
  Lair:2: 1391 daAuts
     D:9: 1383 daAuts
Shoals:2: 1336 daAuts
Shoals:4: 1325 daAuts
  Lair:3: 1325 daAuts
     D:4: 1279 daAuts
     D:5: 1269 daAuts
